AoeStats
← 由良由良

Lombardia

507221202Analyzed
2v2 RM · 15d ago on Sep 17, 2026· 52m 34s· 4 players
Game mode
Random Map
Map size
Medium (4 player)
Population
200
Speed
Normal
Resources
Standard
Victory
Conquest
Starting age
Dark Age
Ending age
Imperial Age
RankedLock teamsTeams togetherTeam positionsShared explorationLock speedFull tech treeHidden civsTurbo modeCheats
Victory
Defeat
🇨🇳 Romans · China
941
+21
🇨🇳 Inca · China
941
+21
🇲🇽 Britons · Mexico
1063
-21
🇹🇼 Spanish · Taiwan
1042
-21
小藍
12:11 Feudal Age
15:12 Loom
19:45 Castle Age
18:00 Horse Collar
19:11 Double-Bit Axe
19:36 Town Watch
23:44 Husbandry
28:30 Wheelbarrow
30:09 Heavy Plow
31:25 Bow Saw
32:35 Hand Cart
33:34 Scale Barding Armor
35:55 Bloodlines
35:29 Light Cavalry
37:02 Town Patrol
37:36 Fletching
38:17 Padded Archer Armor
41:02 Leather Archer Armor
48:57 Forging
Yael090
11:22 Feudal Age
12:49 Double-Bit Axe
13:16 Gold Mining
20:16 Castle Age
18:50 Fletching
19:39 Wheelbarrow
23:33 Bodkin Arrow
26:47 Padded Archer Armor
27:19 Ballistics
29:39 Leather Archer Armor
30:34 Gold Shaft Mining
30:48 Hand Cart
31:59 Bow Saw
36:30 Yeomen
39:19 Imperial Age
37:21 Stone Mining
37:14 Treadmill Crane
40:14 Warwolf
41:57 Chemistry
41:32 Conscription
41:33 Bracer
42:04 Ring Archer Armor
由良由良
11:54 Feudal Age
13:48 Double-Bit Axe
16:26 Horse Collar
16:45 Champi Runner
18:09 Wheelbarrow
20:36 Arson
21:03 Scale Mail Armor
21:18 Forging
24:27 Gold Mining
24:30 Stone Mining
30:35 Castle Age
30:47 Champi Warrior
30:53 Pikeman
32:01 Squires
32:21 Hand Cart
36:52 Loom
37:23 Bow Saw
37:53 Gold Shaft Mining
37:21 Heavy Plow
38:02 Stone Shaft Mining
38:34 Iron Casting
38:18 Chain Mail Armor
44:24 Imperial Age
44:39 Elite Champi Warrior
46:26 Blast Furnace
45:16 Fletching
47:59 Elite Kamayuk
サケル王
8:04 Loom
10:22 Feudal Age
14:58 Castle Age
12:57 Horse Collar
13:03 Double-Bit Axe
15:08 Gold Mining
16:01 Scale Barding Armor
16:21 Bow Saw
19:59 Town Watch
22:08 Bloodlines
22:25 Heavy Plow
24:58 Wheelbarrow
29:51 Stone Mining
30:50 Squires
31:41 Gold Shaft Mining
32:00 Man-at-Arms
34:02 Husbandry
34:24 Chain Barding Armor
35:27 Hand Cart
38:44 Imperial Age
38:05 Forging
38:44 Ballistas
40:09 Conscription
39:50 Heavy Scorpion
39:52 Capped Ram
40:11 Light Cavalry
41:30 Plate Barding Armor
42:31 Iron Casting
42:18 Siege Ram
48:31 Ballistics
Connection lost

Rejoining the realm…

Still unreachable

The connection could not be restored.

Session expired

The server has moved on; the page needs a fresh start.